 Dungeon Crawl Stone Soup version 0.28.0-45-g0d030f2227 (webtiles) character file.

Game seed: 1901377329446747271

121 101zpm the Magician (level 5, 0/36 HPs)
             Began as a Djinni Ice Elementalist on Apr 15, 2022.
             Slain by a bullfrog skeleton (4 damage)
             ... on level 5 of the Dungeon.
             The game lasted 00:10:05 (4657 turns).

101zpm the Magician (Djinni Ice Elementalist)       Turns: 4657, Time: 00:10:05

Health: 0/36       AC:  6    Str:  7    XL:     5   Next: 26%
Gold:   132        EV: 12    Int: 18    God:
                   SH:  0    Dex: 14

rFire   + + .      SeeInvis .   j - +3 spear (vamp)
rCold   x . .      Faith    .   (no shield)
rNeg    . . .      Spirit   .   k - +3 leather armour
rPois   ∞          Reflect  .   (no helmet)
rElec   .          Harm     .   (no cloak)
rCorr   .          Rampage  .   (no gloves)
Will    .....                   (boots unavailable)
Stlth   ++........              (no amulet)
HPRegen 0.12/turn               (no ring)
MPRegen 0.00/turn               (no ring)

@: mighty, flying, very slightly contaminated
A: sickness immunity, fire resistance 2, cold vulnerability 1, float, innate
caster, HP casting, extra vitality 1
a: no special abilities


You were on level 5 of the Dungeon.
You visited 1 branch of the dungeon, and saw 5 of its levels.

You collected 132 gold pieces.

Inventory:

Hand Weapons
 j - a +3 vampiric spear (weapon)
Missiles
 d - 3 javelins
 g - 131 stones (quivered)
Armour
 a - a +0 robe
 k - a +3 leather armour (worn)
Potions
 b - 2 potions of might
 e - 2 potions of attraction {unknown}
 f - 2 potions of curing {unknown}
 i - a potion of mutation {unknown}


   Skills:
 + Level 0.4 Fighting
 + Level 1.2 Throwing
 + Level 3.1 Dodging
 + Level 1.6 Stealth
 + Level 4.2 Spellcasting


You couldn't memorise any spells.
You knew the following spells:

 Your Spells              Type           Power      Damage    Failure   Level
a - Freeze                Ice            76%        1d9       3%          1
b - Frozen Ramparts       Ice            38%        1d5       11%         3
c - Ozocubu's Armour      Ice            19%        N/A       11%         3
d - Hailstorm             Conj/Ice       19%        3d6       36%         4
e - Slow                  Hex            76%        N/A       3%          1
f - Blink                 Tloc           38%        N/A       5%          2
Your spell library was empty.

Dungeon Overview and Level Annotations

Branches:
Dungeon (4/15)
 Temple: D:4-7

Altars:

Annotations:
D:2 1 runed translucent door, Crazy Yiuf


Innate Abilities, Weirdness & Mutations

You are immune to sickness and miasma.
You are immune to poison.
Your flesh is very heat resistant. (rF++)
You are vulnerable to cold. (rC-)
You float through the air rather than walking.
You learn spells naturally, not from books.
Your magical power is your life essence.
You have superior vitality. (+4 MHP)


Message History

Nothing appears to happen.
The bullfrog skeleton completely resists.
The wall freezes the bullfrog skeleton but does no damage.
The wall freezes the troll.
Casting: Hailstorm (extremely dangerous; 36% risk of failure)
Confirm with . or Enter, or press ? or * to list all spells.
The spell is extremely dangerous to miscast (36% risk of failure)!
Continue anyway?
Casting: Hailstorm (extremely dangerous; 36% risk of failure)
Press: ? - help, Dir - look around, f - activate You miscast Hailstorm.
You feel extremely cold!
You feel a terrible chill!
* * * LOW HITPOINT WARNING * * *
x2 The bullfrog skeleton completely resists.
The wall freezes the bullfrog skeleton but does no damage.
The bullfrog skeleton hits you.
* * * LOW HITPOINT WARNING * * *
The bullfrog skeleton completely resists.
The wall freezes the bullfrog skeleton but does no damage.
The bullfrog skeleton misses you.
The wall freezes the troll.
Your frozen ramparts will break if you move.
Continue?
The frozen ramparts melt away as you move.
The bullfrog skeleton hits you.
* * * LOW HITPOINT WARNING * * *
The bullfrog skeleton hits you but does no damage.
Found a leather armour.
You see here 6 curare-tipped darts.
An ogre comes into view. It is wielding a +0 giant club.
The bullfrog skeleton completely misses you.
As you read the scroll labelled OMAER OKAGY, it crumbles to dust.
It is a scroll of amnesia.
You feel forgetful for a moment.
The bullfrog skeleton hits you but does no damage.
As you read the scroll labelled UMOSEALYUC, it crumbles to dust.
Your body is wracked with pain!
* * * LOW HITPOINT WARNING * * *
The troll convulses!
The ogre convulses!
It was a scroll of torment.
The bullfrog skeleton misses you.
It was a potion of might.
You feel very mighty all of a sudden. The bullfrog skeleton hits you.
You die...

#################
.O.....@ZT.......
#########.######
........(.#
#########
....[...#.#
#........
#########.#
#(....... #.#
#........ #.#
#..Z..... #.#
#........
.#####.####........


You could see a troll, an ogre and a bullfrog skeleton.

Vanquished Creatures
  An iguana (D:4)
  2 gnolls
  2 adders
  A worm (D:2)
  A dart slug (D:2)
  4 ball pythons
  2 bats (D:1)
  5 endoplasms
  A giant cockroach (D:1)
  5 goblins
  4 hobgoblins
  5 jackals
  5 kobolds
  4 quokkas
  2 frilled lizards
  4 rats
48 creatures vanquished.

Notes
Turn   | Place    | Note
-------+----------+-------------------------------------------
     0 | D:1      | 101zpm the Djinni Ice Elementalist began the quest for the
                  | Orb.
     0 | D:1      | Reached XP level 1. HP: 15/15 MP: 0/0
   136 | D:1      | Reached XP level 2. HP: 13/21 MP: 0/0
   472 | D:1      | Found a faded altar of an unknown god.
  1041 | D:2      | Reached XP level 3. HP: 18/26 MP: 0/0
  1041 | D:2      | Learned a level 1 spell: Slow
  2095 | D:2      | Reached skill level 1 in Throwing
  2281 | D:2      | Reached XP level 4. HP: 21/31 MP: 0/0
  2600 | D:2      | Found a runed translucent door.
  2601 | D:2      | Noticed Crazy Yiuf
  2724 | D:3      | Reached skill level 4 in Spellcasting
  4603 | D:4      | Reached XP level 5. HP: 36/36 MP: 0/0
  4603 | D:4      | Learned a level 2 spell: Blink
  4636 | D:4      | You are sucked into a shaft and drop 1 floor!
  4636 | D:5      | Entered Level 5 of the Dungeon
  4636 | D:5      | Noticed a troll
  4654 | D:5      | Noticed an ogre
  4657 | D:5      | Slain by a bullfrog skeleton

Illustrated notes

Levels and vault maps discovered:
D:1:      lemuel_arrival_lava_pool, layout_rooms,
          dreamdust_ecumenical_altar_angels_and_demons, st_stairs_6,
          minmay_unequal
D:2:      layout_loops_ring, uniq_crazy_yiuf_cottage
D:3:      layout_rooms
D:4:      layout_loops_ring, minmay_manual_monolith
D:5:      layout_basic, minmay_temple_entry_fiery

Skill      XL: |  1  2  3  4 |
---------------+-------------+-----
Throwing       | 1 |  1.2
Spellcasting   | 4 |  4.2
Dodging        | 3 |  3.1
Fighting       | |  0.4
Stealth        | |  1.6

Action                   |  1- 3 |  4- 6 || total
-------------------------+-------+-------++-------
Melee: Spear             |       |     8 ||     8
Throw: Javelin           |    23 |       ||    23
       Stone             |    30 |     8 ||    38
 Cast: Freeze            |    35 |    29 ||    64
       Frozen Ramparts   |     5 |     1 ||     6
       Slow              |     1 |       ||     1
  Use: Scroll            |       |     2 ||     2
       Potion            |       |     1 ||     1
 Stab: Sleeping          |       |     1 ||     1
Armor: Robe              |     4 |     1 ||     5
       Leather armour    |       |     3 ||     3
Dodge: Dodged            |    25 |    26 ||    51
